Rangers vs Maple Leafs
Created - March 12, 2018 at 19:07
Goals
|
Rangers |
1 |
1 |
1 |
3 |
Maple Leafs |
3 |
2 |
0 |
5 |
|
Shots
|
Rangers |
8 |
6 |
9 |
23 |
Maple Leafs |
23 |
13 |
2 |
38 |
|
1st period
1. Maple Leafs , Claude Giroux 45 (Jordan Staal 43, Tobias Enstrom 27) at 3:46 (PP)
2. Maple Leafs , Gilbert Brule 21 (Fabian Brunnstrom 17) at 7:17
3. Maple Leafs , Fabian Brunnstrom 13 (Tobias Enstrom 28, Braydon Coburn 23) at 8:03
4. Rangers , Milan Lucic 43 (James Neal 39) at 10:12
Penalties :
Matt Greene (NYR) for Hooking (Minor) at 3:34
2nd period
5. Rangers , Jakob Silfverberg 22 (Mike Cammalleri 13) at 0:31
6. Maple Leafs , Claude Giroux 46 (Jordan Staal 44) at 2:55
7. Maple Leafs , Claude Giroux 47 (Tobias Enstrom 29, John Klingberg 26) at 3:19 (PP)
Penalties :
Milan Lucic (NYR) for Tripping (Minor) at 3:04, Milan Lucic (NYR) for High sticking (Minor) at 14:06
3rd period
8. Rangers , Milan Lucic 44 (Jakob Silfverberg 31, Patrice Bergeron 40) at 1:36 (PP)
Penalties :
Tobias Enstrom (Tor) for Hooking (Minor) at 1:27, Jordan Staal (Tor) for Tripping (Minor) at 1:51, Nathan Gerbe (NYR) for Hooking (Minor) at 6:05, Colby Armstrong (Tor) for Hooking (Minor) at 13:35
Goalie Stats
Henrik Lundqvist (NYR), 33 saves from 38 shots - (0.868), L, 23-17-2, 60:00 minutes
Marc-André Fleury (Tor), 20 saves from 23 shots - (0.870), W, 26-21-7, 60:00 minutes
Players Stats for Rangers
Player Name G A P +/- PIM S H SB GA TA FO MP PP MP PK MP
------------------------------------------------------------------------------------
Cam Barker 0 0 0 -1 0 0 1 1 1 3 0/0 26:33 2:03 2:38
Colten Teubert 0 0 0 0 0 0 0 2 0 0 0/0 19:53 0:00 0:00
Darren Reid 0 0 0 0 0 3 1 0 0 0 0/0 11:52 0:00 2:28
Jakob Silfverberg 1 1 2 0 0 5 4 0 0 0 0/0 16:33 2:05 0:00
James Neal 0 1 1 0 0 1 2 0 0 0 2/2 19:21 2:03 0:00
Mark Fistric 0 0 0 0 0 0 0 0 0 0 0/0 20:05 2:04 2:38
Matt Greene 0 0 0 0 2 1 2 0 0 2 0/0 19:19 2:04 1:47
Matt Read 0 0 0 -1 0 3 1 1 1 0 0/0 13:46 2:02 0:46
Mike Cammalleri 0 1 1 0 0 1 2 0 0 0 1/1 17:30 2:02 1:11
Milan Lucic 2 0 2 0 4 3 0 1 1 1 4/4 19:14 2:05 0:00
Nathan Gerbe 0 0 0 -1 2 0 1 0 0 0 0/0 11:50 0:00 0:00
Nick Foligno 0 0 0 0 0 1 1 0 0 0 0/0 8:09 0:00 0:00
Patrice Bergeron 0 1 1 0 0 0 3 1 0 2 13/25 20:27 2:05 1:39
Patrik Nemeth 0 0 0 -1 0 2 0 1 0 0 0/0 16:54 0:00 0:00
Sean Couturier 0 0 0 -1 0 0 0 0 0 0 6/11 14:22 0:00 2:30
Staffan Kronwall 0 0 0 0 0 0 3 0 0 1 0/0 14:56 0:00 1:47
Stephen Weiss 0 0 0 0 0 2 1 0 0 0 12/16 16:32 2:02 0:16
Valtteri Filppula 0 0 0 0 0 1 3 0 0 0 0/1 8:15 0:00 0:00
Players Stats for Maple Leafs
Player Name G A P +/- PIM S H SB GA TA FO MP PP MP PK MP
------------------------------------------------------------------------------------
Alex Killorn 0 0 0 0 0 3 0 0 0 0 0/0 8:40 0:00 0:00
Artemi Panarin 0 0 0 0 0 2 2 0 0 0 0/1 21:13 2:39 1:23
Ben Smith 0 0 0 1 0 0 0 0 0 0 0/0 13:57 0:03 0:00
Blake Comeau 0 0 0 0 0 0 2 0 0 0 0/0 9:16 0:00 0:00
Braydon Coburn 0 1 1 1 0 5 2 3 1 0 0/0 22:40 1:21 2:26
Claude Giroux 3 0 3 0 0 4 2 1 1 1 0/0 21:46 2:39 2:06
Colby Armstrong 0 0 0 0 2 2 2 0 1 0 0/0 13:07 1:46 0:00
Eric Nystrom 0 0 0 0 0 0 1 0 0 0 0/0 12:31 0:03 0:38
Evgeny Grachev 0 0 0 0 0 2 1 0 0 0 3/5 8:40 0:00 0:00
Fabian Brunnstrom 1 1 2 1 0 6 1 0 1 0 2/3 16:42 1:43 1:12
Gilbert Brule 1 0 1 1 0 2 1 1 0 0 3/12 17:16 1:43 1:29
John Klingberg 0 1 1 -1 0 1 0 3 0 0 0/0 21:44 3:04 0:00
Jordan Staal 0 2 2 0 2 4 1 1 0 0 12/34 20:57 2:39 1:08
Marc-Édouard Vlasic 0 0 0 -1 0 2 0 1 1 0 0/0 20:22 1:39 0:10
Ryan Parent 0 0 0 1 0 1 0 2 1 0 0/0 15:26 0:00 1:31
Taylor Chorney 0 0 0 1 0 0 0 1 0 1 0/0 16:11 0:00 2:36
Tobias Enstrom 0 3 3 1 2 2 1 0 2 1 0/0 23:36 2:46 1:31
Zac Dalpe 0 0 0 0 0 2 2 0 1 0 2/5 11:46 0:00 0:18
3 Stars
1 - Claude Giroux (Tor)
2 - Fabian Brunnstrom (Tor)
3 - Jakob Silfverberg (NYR)
Power Play
Rangers - 1 on 3 Attempt(s) - 33.33%
Maple Leafs - 2 on 4 Attempt(s) - 50.00%
Penalty Kill
Rangers - 2 on 4 Attempt(s) - 50.00%
- Score 0 goal in Penalty Kill
Maple Leafs - 2 on 3 Attempt(s) - 66.67%
- Score 0 goal in Penalty Kill
Team Stat
Rangers - Hits : 25 - Faceoff Wins : 38 - Blocked Shots : 7 - Penalty Minutes : 8
Maple Leafs - Hits : 18 - Faceoff Wins : 22 - Blocked Shots : 13 - Penalty Minutes : 6
Official
Referees : Hasenfratz Mike and Kimmerly Greg
Linesman : Brian Murphy and Steve Barton
Game Notes
Claude Giroux has scored a Hat Trick!
Finance
Level 1 -- Attendance: 5952 (99.20%) -- Ticket Income $535,680
Level 2 -- Attendance: 4452 (89.04%) -- Ticket Income $244,860
Level 3 -- Attendance: 1967 (98.35%) -- Ticket Income $70,812
Level 4 -- Attendance: 4000 (100.00%) -- Ticket Income $100,000
Luxury Box -- Attendance: 902 (90.20%) -- Ticket Income $139,810
Game was played at the Maple Leafs Garden.
Total Attendance: 17273 (95.96%)
Total Ticket Income: $1,091,162
Other Income: $163,674
Total Income: $1,254,836
Rangers
5 vs 5 Forward
Center Left Wing Right Wing Time % Phy DF OF
1 Patrice Bergeron Milan Lucic James Neal 40 1 2 2
2 Stephen Weiss Mike Cammalleri Jakob Silfverberg 30 1 2 2
3 Sean Couturier Nathan Gerbe Matt Read 20 1 2 2
4 Valtteri Filppula Nick Foligno Darren Reid 10 1 2 2
5 vs 5 Defense
Defense Defense Time % Phy DF OF
1 Cam Barker Colten Teubert 40 1 2 2
2 Mark Fistric Matt Greene 30 1 2 2
3 Patrik Nemeth Staffan Kronwall 20 1 2 2
4 Cam Barker Patrik Nemeth 10 1 2 2
PowerPlay Forward
Center Left Wing Right Wing Time % Phy DF OF
1 Patrice Bergeron Milan Lucic Jakob Silfverberg 60 1 2 2
2 Stephen Weiss Mike Cammalleri Matt Read 40 1 2 2
PowerPlay Defense
Defense Defense Time % Phy DF OF
1 Cam Barker James Neal 60 1 2 2
2 Mark Fistric Matt Greene 40 1 2 2
Penalty Kill 4 Players Forward
Center Wing Time % Phy DF OF
1 Sean Couturier Darren Reid 60 1 2 2
2 Patrice Bergeron Matt Read 40 1 2 2
Penalty Kill 4 Players Defense
Defense Defense Time % Phy DF OF
1 Cam Barker Mark Fistric 60 1 2 2
2 Matt Greene Staffan Kronwall 40 1 2 2
Penalty Kill - 3 Players Forward
Forward Time % Phy DF OF
1 Valtteri Filppula 60 1 2 2
2 Sean Couturier 40 1 2 2
Penalty Kill - 3 Players Defense
Defense Defense Time % Phy DF OF
1 Cam Barker Mark Fistric 60 1 2 2
2 Matt Greene Staffan Kronwall 40 1 2 2
4 vs 4 Forward
Center Wing Time % Phy DF OF
1 Sean Couturier Matt Read 60 1 2 2
2 Stephen Weiss Jakob Silfverberg 40 1 2 2
4 vs 4 Defense
Defense Defense Time % Phy DF OF
1 Cam Barker Colten Teubert 60 1 2 2
2 Mark Fistric Matt Greene 40 1 2 2
Last Minutes Offensive
Center Left Wing Right Wing Defense Defense
Patrice Bergeron Milan Lucic Jakob Silfverberg Cam Barker James Neal
Last Minutes Defensive
Center Left Wing Right Wing Defense Defense
Patrice Bergeron Milan Lucic Matt Read Cam Barker Mark Fistric
Goaltenders
Starting : Henrik Lundqvist
Backup : Braden Holtby
Extra Forwards
Normal : Mike Cammalleri, Patrice Bergeron, Jakob Silfverberg - PP : Jakob Silfverberg, Matt Read - PK : Sean Couturier
Extra Defensemen
Normal : Patrik Nemeth, Colten Teubert, Mark Fistric - PP : Colten Teubert - PK : Matt Greene, Patrik Nemeth
Penalty Shots
Milan Lucic, Patrice Bergeron, Jakob Silfverberg, Nathan Gerbe, Matt Read
Scratches
Alexei Emelin (Healthy), Ryan Suter (Broken Left Thumb Injury)
Maple Leafs
5 vs 5 Forward
Center Left Wing Right Wing Time % Phy DF OF
1 Jordan Staal Artemi Panarin Claude Giroux 40 0 1 4
2 Gilbert Brule Fabian Brunnstrom Ben Smith 30 1 2 2
3 Zac Dalpe Eric Nystrom Colby Armstrong 20 1 2 2
4 Evgeny Grachev Alex Killorn Blake Comeau 10 1 2 2
5 vs 5 Defense
Defense Defense Time % Phy DF OF
1 John Klingberg Marc-Édouard Vlasic 40 0 1 4
2 Braydon Coburn Tobias Enstrom 30 0 2 2
3 Taylor Chorney Ryan Parent 20 1 2 2
4 Braydon Coburn Tobias Enstrom 10 1 2 2
PowerPlay Forward
Center Left Wing Right Wing Time % Phy DF OF
1 Jordan Staal Artemi Panarin Claude Giroux 60 1 2 2
2 Gilbert Brule Fabian Brunnstrom Colby Armstrong 40 1 2 2
PowerPlay Defense
Defense Defense Time % Phy DF OF
1 John Klingberg Tobias Enstrom 60 1 2 2
2 Marc-Édouard Vlasic Braydon Coburn 40 1 2 2
Penalty Kill 4 Players Forward
Center Wing Time % Phy DF OF
1 Jordan Staal Claude Giroux 60 1 2 2
2 Gilbert Brule Eric Nystrom 40 1 2 2
Penalty Kill 4 Players Defense
Defense Defense Time % Phy DF OF
1 Braydon Coburn Taylor Chorney 60 1 2 2
2 Tobias Enstrom Ryan Parent 40 1 2 2
Penalty Kill - 3 Players Forward
Forward Time % Phy DF OF
1 Jordan Staal 60 1 2 2
2 Gilbert Brule 40 1 2 2
Penalty Kill - 3 Players Defense
Defense Defense Time % Phy DF OF
1 Braydon Coburn Taylor Chorney 60 1 2 2
2 Tobias Enstrom Ryan Parent 40 1 2 2
4 vs 4 Forward
Center Wing Time % Phy DF OF
1 Jordan Staal Claude Giroux 60 1 2 2
2 Gilbert Brule Colby Armstrong 40 1 2 2
4 vs 4 Defense
Defense Defense Time % Phy DF OF
1 Braydon Coburn Tobias Enstrom 60 1 2 2
2 John Klingberg Marc-Édouard Vlasic 40 1 2 2
Last Minutes Offensive
Center Left Wing Right Wing Defense Defense
Jordan Staal Artemi Panarin Claude Giroux John Klingberg Tobias Enstrom
Last Minutes Defensive
Center Left Wing Right Wing Defense Defense
Jordan Staal Eric Nystrom Claude Giroux Ryan Parent Braydon Coburn
Goaltenders
Starting : Marc-André Fleury
Backup : Alex Stalock
Extra Forwards
Normal : Artemi Panarin, Colby Armstrong, Jordan Staal - PP : Ben Smith, Colby Armstrong - PK : Fabian Brunnstrom
Extra Defensemen
Normal : Tobias Enstrom, Ryan Parent, Braydon Coburn - PP : Marc-Édouard Vlasic - PK : Taylor Chorney, Ryan Parent
Penalty Shots
Claude Giroux, Artemi Panarin, Fabian Brunnstrom, Colby Armstrong, Jordan Staal
Scratches
None
% Time on Ice - Rangers
Lines # - Real PCT - Wanted PCT - Time Play
Normal Forward
1 - 33% - 40% - 16:56
2 - 32% - 30% - 16:18
3 - 20% - 20% - 10:17
4 - 15% - 10% - 7:57
Normal Defense
1 - 39% - 40% - 20:10
2 - 30% - 30% - 15:29
3 - 25% - 20% - 13:02
4 - 5% - 10% - 2:47
PP Forward
1 - 51% - 60% - 2:05
2 - 49% - 40% - 2:02
PP Defense
1 - 50% - 60% - 2:03
2 - 50% - 40% - 2:04
PK Forward
1 - 83% - 60% - 3:39
2 - 17% - 40% - 0:46
PK Defense
1 - 60% - 60% - 2:38
2 - 40% - 40% - 1:47
PK3 Forward
1 - 0% - 60%
2 - 0% - 40%
PK3 Defense
1 - 0% - 60%
2 - 0% - 40%
44 Forward
1 - 0% - 60%
2 - 0% - 40%
44 Defense
1 - 0% - 60%
2 - 0% - 40%
Last Minute Offensive - 0:00
Last Minute Defensive - 0:00
Total
Forward - 60:00
Defense - 60:00
|
% Time on Ice - Maple Leafs
Lines # - Real PCT - Wanted PCT - Time Play
Normal Forward
1 - 34% - 40% - 17:26
2 - 27% - 30% - 13:54
3 - 22% - 20% - 11:28
4 - 17% - 10% - 8:40
Normal Defense
1 - 40% - 40% - 20:38
2 - 29% - 30% - 14:53
3 - 24% - 20% - 12:17
4 - 7% - 10% - 3:40
PP Forward
1 - 60% - 60% - 2:39
2 - 40% - 40% - 1:46
PP Defense
1 - 69% - 60% - 3:04
2 - 31% - 40% - 1:21
PK Forward
1 - 88% - 60% - 3:38
2 - 12% - 40% - 0:29
PK Defense
1 - 63% - 60% - 2:36
2 - 37% - 40% - 1:31
PK3 Forward
1 - 0% - 60%
2 - 0% - 40%
PK3 Defense
1 - 0% - 60%
2 - 0% - 40%
44 Forward
1 - 0% - 60%
2 - 0% - 40%
44 Defense
1 - 0% - 60%
2 - 0% - 40%
Last Minute Offensive - 0:00
Last Minute Defensive - 0:00
Total
Forward - 60:00
Defense - 60:00
|
Play by Play
1st period
0:01 of 1st period - Patrice Bergeron wins face-off versus Jordan Staal in neutral zone.
0:08 of 1st period - Wrist shot by Marc-Édouard Vlasic.
0:08 of 1st period - Stopped by Henrik Lundqvist without a rebound.
0:09 of 1st period - Milan Lucic wins face-off versus Jordan Staal in Rangers zone.
0:09 of 1st period - Milan Lucic is hit by Claude Giroux.
1:36 of 1st period - Slapshot by Marc-Édouard Vlasic.
1:36 of 1st period - Deflect By Milan Lucic.
1:36 of 1st period - Stopped by Henrik Lundqvist without a rebound.
1:37 of 1st period - Stephen Weiss wins face-off versus Gilbert Brule in Rangers zone.
1:44 of 1st period - Snap shot by Mike Cammalleri.
1:44 of 1st period - Shot Blocked by Braydon Coburn.
2:02 of 1st period - Mark Fistric is hit by Braydon Coburn and loses puck.
2:43 of 1st period - Taylor Chorney is hit by Staffan Kronwall and loses puck.
3:04 of 1st period - Slapshot by Tobias Enstrom.
3:04 of 1st period - Deflect By Colby Armstrong.
3:04 of 1st period - Stopped by Henrik Lundqvist without a rebound.
3:05 of 1st period - Fabian Brunnstrom wins face-off versus Stephen Weiss in Rangers zone.
3:10 of 1st period - Wrist shot by Fabian Brunnstrom.
3:10 of 1st period - Stopped by Henrik Lundqvist without a rebound.
3:11 of 1st period - Stephen Weiss wins face-off versus Gilbert Brule in Rangers zone.
3:26 of 1st period - Snap shot by Jakob Silfverberg.
3:26 of 1st period - Stopped by Marc-André Fleury with a rebound.
3:34 of 1st period - Minor Penalty to Matt Greene for Hooking.
3:35 of 1st period - Sean Couturier wins face-off versus Jordan Staal in Rangers zone.
3:46 of 1st period - Snap shot by Claude Giroux.
3:46 of 1st period - Goal by Claude Giroux - Rangers : 0 - Maple Leafs : 1.
3:47 of 1st period - Evgeny Grachev wins face-off versus Sean Couturier in neutral zone.
3:50 of 1st period - Slapshot by Tobias Enstrom.
3:50 of 1st period - Stopped by Henrik Lundqvist without a rebound.
3:51 of 1st period - Evgeny Grachev wins face-off versus Sean Couturier in Rangers zone.
3:52 of 1st period - Slapshot by Alex Killorn.
3:52 of 1st period - Shot Misses the Net.
3:54 of 1st period - Slapshot by Braydon Coburn.
3:54 of 1st period - Stopped by Henrik Lundqvist with a rebound.
3:56 of 1st period - Wrist shot by Tobias Enstrom.
3:56 of 1st period - Shot Blocked by Matt Read.
3:58 of 1st period - Slapshot by Braydon Coburn.
3:58 of 1st period - Stopped by Henrik Lundqvist without a rebound.
3:59 of 1st period - Mike Cammalleri wins face-off versus Gilbert Brule in Rangers zone.
3:59 of 1st period - Mike Cammalleri is hit by Tobias Enstrom.
4:09 of 1st period - Wrist shot by Stephen Weiss.
4:09 of 1st period - Shot Misses the Net.
4:33 of 1st period - Snap shot by Milan Lucic.
4:33 of 1st period - Deflect By Patrice Bergeron.
4:33 of 1st period - Shot Misses the Net.
4:33 of 1st period - Puck is out of play.
4:34 of 1st period - Jordan Staal wins face-off versus Sean Couturier in Maple Leafs zone.
5:47 of 1st period - Wrist shot by Stephen Weiss.
5:47 of 1st period - Shot Blocked by John Klingberg.
5:59 of 1st period - Artemi Panarin is hit by Nathan Gerbe and loses puck.
6:27 of 1st period - Snap shot by Gilbert Brule.
6:27 of 1st period - Shot Misses the Net.
6:29 of 1st period - Slapshot by Braydon Coburn.
6:29 of 1st period - Stopped by Henrik Lundqvist without a rebound.
6:30 of 1st period - Milan Lucic wins face-off versus Jordan Staal in Rangers zone.
6:37 of 1st period - Slapshot by Milan Lucic.
6:37 of 1st period - Stopped by Marc-André Fleury with a rebound.
7:01 of 1st period - Off-side.
7:02 of 1st period - Sean Couturier wins face-off versus Gilbert Brule in neutral zone.
7:17 of 1st period - Snap shot by Gilbert Brule.
7:17 of 1st period - Goal by Gilbert Brule - Rangers : 0 - Maple Leafs : 2.
7:18 of 1st period - James Neal wins face-off versus Jordan Staal in neutral zone.
7:53 of 1st period - Snap shot by Jordan Staal.
7:53 of 1st period - Stopped by Henrik Lundqvist without a rebound.
7:54 of 1st period - Stephen Weiss wins face-off versus Gilbert Brule in Rangers zone.
7:59 of 1st period - Wrist shot by Fabian Brunnstrom.
7:59 of 1st period - Shot Misses the Net.
8:03 of 1st period - Snap shot by Fabian Brunnstrom.
8:03 of 1st period - Goal by Fabian Brunnstrom - Rangers : 0 - Maple Leafs : 3.
8:04 of 1st period - Patrice Bergeron wins face-off versus Zac Dalpe in neutral zone.
8:13 of 1st period - Slapshot by Braydon Coburn.
8:13 of 1st period - Stopped by Henrik Lundqvist with a rebound.
8:15 of 1st period - Wrist shot by Braydon Coburn.
8:15 of 1st period - Shot Misses the Net.
8:17 of 1st period - Slapshot by Braydon Coburn.
8:17 of 1st period - Shot Misses the Net.
8:19 of 1st period - Slapshot by Braydon Coburn.
8:19 of 1st period - Stopped by Henrik Lundqvist without a rebound.
8:20 of 1st period - Stephen Weiss wins face-off versus Gilbert Brule in Rangers zone.
8:20 of 1st period - Stephen Weiss is hit by Gilbert Brule.
8:30 of 1st period - Wrist shot by Jakob Silfverberg.
8:30 of 1st period - Shot Misses the Net.
8:32 of 1st period - Slapshot by Matt Greene.
8:32 of 1st period - Stopped by Marc-André Fleury with a rebound.
8:48 of 1st period - Slapshot by Cam Barker.
8:48 of 1st period - Deflect By Matt Read.
8:48 of 1st period - Shot Misses the Net.
8:48 of 1st period - Puck is out of play.
8:49 of 1st period - Sean Couturier wins face-off versus Jordan Staal in Maple Leafs zone.
8:55 of 1st period - Off-side.
8:56 of 1st period - Patrice Bergeron wins face-off versus Jordan Staal in neutral zone.
9:17 of 1st period - Wrist shot by Claude Giroux.
9:17 of 1st period - Shot Misses the Net.
9:19 of 1st period - Slapshot by Jordan Staal.
9:19 of 1st period - Stopped by Henrik Lundqvist without a rebound.
9:20 of 1st period - Stephen Weiss wins face-off versus Zac Dalpe in Rangers zone.
9:20 of 1st period - Stephen Weiss is hit by Eric Nystrom.
9:28 of 1st period - Ryan Parent is hit by Jakob Silfverberg and loses puck.
9:57 of 1st period - Snap shot by Fabian Brunnstrom.
9:57 of 1st period - Deflect By Gilbert Brule.
9:57 of 1st period - Stopped by Henrik Lundqvist without a rebound.
9:58 of 1st period - Patrice Bergeron wins face-off versus Jordan Staal in Rangers zone.
10:05 of 1st period - Claude Giroux is hit by Cam Barker and loses puck.
10:10 of 1st period - Wrist shot by James Neal.
10:10 of 1st period - Stopped by Marc-André Fleury with a rebound.
10:12 of 1st period - Snap shot by Milan Lucic.
10:12 of 1st period - Goal by Milan Lucic - Rangers : 1 - Maple Leafs : 3.
10:13 of 1st period - Evgeny Grachev wins face-off versus Patrice Bergeron in neutral zone.
10:58 of 1st period - Icing by Sean Couturier.
10:59 of 1st period - Gilbert Brule wins face-off versus Sean Couturier in Rangers zone.
11:37 of 1st period - Off-side.
11:38 of 1st period - Jordan Staal wins face-off versus Stephen Weiss in neutral zone.
11:51 of 1st period - Slapshot by Jakob Silfverberg.
11:51 of 1st period - Shot Misses the Net.
11:53 of 1st period - Wrist shot by Jakob Silfverberg.
11:53 of 1st period - Stopped by Marc-André Fleury with a rebound.
12:26 of 1st period - Slapshot by Matt Read.
12:26 of 1st period - Shot Blocked by Braydon Coburn.
12:32 of 1st period - Slapshot by Fabian Brunnstrom.
12:32 of 1st period - Stopped by Henrik Lundqvist with a rebound.
12:34 of 1st period - Slapshot by Braydon Coburn.
12:34 of 1st period - Shot Misses the Net.
12:48 of 1st period - Cam Barker is hit by Evgeny Grachev and loses puck.
13:05 of 1st period - Patrice Bergeron is hit by Zac Dalpe and loses puck.
13:10 of 1st period - Wrist shot by Zac Dalpe.
13:10 of 1st period - Stopped by Henrik Lundqvist with a rebound.
13:12 of 1st period - Slapshot by Ryan Parent.
13:12 of 1st period - Stopped by Henrik Lundqvist with a rebound.
14:00 of 1st period - Backhand shot by Claude Giroux.
14:00 of 1st period - Stopped by Henrik Lundqvist without a rebound.
14:01 of 1st period - Gilbert Brule wins face-off versus Patrice Bergeron in Rangers zone.
14:14 of 1st period - Snap shot by Fabian Brunnstrom.
14:14 of 1st period - Stopped by Henrik Lundqvist without a rebound.
14:15 of 1st period - Stephen Weiss wins face-off versus Gilbert Brule in Rangers zone.
14:40 of 1st period - John Klingberg is hit by James Neal.
15:06 of 1st period - Matt Read is hit by Claude Giroux and loses puck.
15:35 of 1st period - Fabian Brunnstrom is hit by Staffan Kronwall and loses puck.
15:46 of 1st period - Wrist shot by Sean Couturier.
15:46 of 1st period - Shot Blocked by Ryan Parent.
15:48 of 1st period - Slapshot by Colten Teubert.
15:48 of 1st period - Shot Misses the Net.
15:50 of 1st period - Wrist shot by Matt Read.
15:50 of 1st period - Stopped by Marc-André Fleury without a rebound.
15:51 of 1st period - Patrice Bergeron wins face-off versus Jordan Staal in Maple Leafs zone.
16:24 of 1st period - Wrist shot by Stephen Weiss.
16:24 of 1st period - Shot Blocked by John Klingberg.
16:26 of 1st period - Snap shot by Jakob Silfverberg.
16:26 of 1st period - Shot Misses the Net.
16:45 of 1st period - Wrist shot by Valtteri Filppula.
16:45 of 1st period - Stopped by Marc-André Fleury with a rebound.
16:59 of 1st period - James Neal is hit by Colby Armstrong and loses puck.
17:06 of 1st period - Wrist shot by Colby Armstrong.
17:06 of 1st period - Stopped by Henrik Lundqvist without a rebound.
17:07 of 1st period - Stephen Weiss wins face-off versus Jordan Staal in Rangers zone.
17:16 of 1st period - Snap shot by Jakob Silfverberg.
17:16 of 1st period - Shot Blocked by Ryan Parent.
17:36 of 1st period - Milan Lucic is hit by Colby Armstrong and loses puck.
19:04 of 1st period - Slapshot by Zac Dalpe.
19:04 of 1st period - Deflect By Colby Armstrong.
19:04 of 1st period - Shot Misses the Net.
19:04 of 1st period - Puck is out of play.
19:05 of 1st period - Jordan Staal wins face-off versus Patrice Bergeron in Rangers zone.
19:36 of 1st period - Off-side.
19:37 of 1st period - Gilbert Brule wins face-off versus Patrice Bergeron in neutral zone.
19:50 of 1st period - Wrist shot by Fabian Brunnstrom.
19:50 of 1st period - Stopped by Henrik Lundqvist without a rebound.
19:51 of 1st period - Stephen Weiss wins face-off versus Jordan Staal in Rangers zone.
Goals for this period are 1 for Rangers vs 3 for Maple Leafs.
Shots for this period are 8 for Rangers vs 23 for Maple Leafs.
2nd period
0:01 of 2nd period - Jordan Staal wins face-off versus Patrice Bergeron in neutral zone.
0:01 of 2nd period - Claude Giroux is hit by Patrice Bergeron and loses puck.
0:10 of 2nd period - Wrist shot by Milan Lucic.
0:10 of 2nd period - Shot Blocked by John Klingberg.
0:26 of 2nd period - Marc-Édouard Vlasic is hit by Jakob Silfverberg and loses puck.
0:31 of 2nd period - Backhand shot by Jakob Silfverberg.
0:31 of 2nd period - Goal by Jakob Silfverberg - Rangers : 2 - Maple Leafs : 3.
0:32 of 2nd period - Patrice Bergeron wins face-off versus Jordan Staal in neutral zone.
0:59 of 2nd period - Gilbert Brule is hit by Jakob Silfverberg and loses puck.
1:46 of 2nd period - Snap shot by Matt Read.
1:46 of 2nd period - Stopped by Marc-André Fleury with a rebound.
1:48 of 2nd period - Snap shot by Matt Read.
1:48 of 2nd period - Shot Misses the Net.
1:50 of 2nd period - Slapshot by Nathan Gerbe.
1:50 of 2nd period - Shot Misses the Net.
1:52 of 2nd period - Slapshot by Patrik Nemeth.
1:52 of 2nd period - Stopped by Marc-André Fleury without a rebound.
1:53 of 2nd period - Milan Lucic wins face-off versus Jordan Staal in Maple Leafs zone.
2:20 of 2nd period - Marc-Édouard Vlasic is hit by Mike Cammalleri and loses puck.
2:31 of 2nd period - Snap shot by Jakob Silfverberg.
2:31 of 2nd period - Shot Blocked by Gilbert Brule.
2:33 of 2nd period - Slapshot by Mark Fistric.
2:33 of 2nd period - Deflect By Stephen Weiss.
2:33 of 2nd period - Stopped by Marc-André Fleury with a rebound.
2:51 of 2nd period - Backhand shot by Alex Killorn.
2:51 of 2nd period - Stopped by Henrik Lundqvist without a rebound.
2:52 of 2nd period - Jordan Staal wins face-off versus Patrice Bergeron in Rangers zone.
2:55 of 2nd period - Wrist shot by Claude Giroux.
2:55 of 2nd period - Goal by Claude Giroux - Rangers : 2 - Maple Leafs : 4.
2:56 of 2nd period - Jordan Staal wins face-off versus Patrice Bergeron in neutral zone.
2:59 of 2nd period - Slapshot by John Klingberg.
2:59 of 2nd period - Stopped by Henrik Lundqvist with a rebound.
3:01 of 2nd period - Wrist shot by Artemi Panarin.
3:01 of 2nd period - Stopped by Henrik Lundqvist without a rebound.
3:02 of 2nd period - James Neal wins face-off versus Jordan Staal in Rangers zone.
3:04 of 2nd period - Minor Penalty to Milan Lucic for Tripping.
3:05 of 2nd period - Sean Couturier wins face-off versus Jordan Staal in Rangers zone.
3:19 of 2nd period - Wrist shot by Claude Giroux.
3:19 of 2nd period - Deflect By Sean Couturier.
3:19 of 2nd period - Goal by Claude Giroux - Rangers : 2 - Maple Leafs : 5.
3:20 of 2nd period - Jordan Staal wins face-off versus Patrice Bergeron in neutral zone.
3:58 of 2nd period - Backhand shot by Fabian Brunnstrom.
3:58 of 2nd period - Shot Misses the Net.
4:08 of 2nd period - Evgeny Grachev is hit by Stephen Weiss and loses puck.
4:35 of 2nd period - Slapshot by Patrice Bergeron.
4:35 of 2nd period - Shot Misses the Net.
5:06 of 2nd period - Claude Giroux is hit by Matt Greene and loses puck.
5:19 of 2nd period - Snap shot by Matt Read.
5:19 of 2nd period - Stopped by Marc-André Fleury without a rebound.
5:20 of 2nd period - Patrice Bergeron wins face-off versus Gilbert Brule in Maple Leafs zone.
6:34 of 2nd period - Slapshot by Claude Giroux.
6:34 of 2nd period - Shot Blocked by Patrice Bergeron.
6:36 of 2nd period - Wrist shot by Artemi Panarin.
6:36 of 2nd period - Stopped by Henrik Lundqvist without a rebound.
6:37 of 2nd period - Jordan Staal wins face-off versus Patrice Bergeron in Rangers zone.
6:42 of 2nd period - Slapshot by Claude Giroux.
6:42 of 2nd period - Shot Blocked by Cam Barker.
6:44 of 2nd period - Wrist shot by Jordan Staal.
6:44 of 2nd period - Stopped by Henrik Lundqvist with a rebound.
6:48 of 2nd period - Wrist shot by Artemi Panarin.
6:48 of 2nd period - Shot Blocked by Colten Teubert.
6:50 of 2nd period - Snap shot by Jordan Staal.
6:50 of 2nd period - Shot Blocked by Colten Teubert.
6:52 of 2nd period - Snap shot by Jordan Staal.
6:52 of 2nd period - Shot Hit the Post.
6:54 of 2nd period - Snap shot by Tobias Enstrom.
6:54 of 2nd period - Deflect By Claude Giroux.
6:54 of 2nd period - Shot Blocked by Milan Lucic.
6:54 of 2nd period - Puck is out of play.
6:55 of 2nd period - Stephen Weiss wins face-off versus Gilbert Brule in Rangers zone.
7:08 of 2nd period - Snap shot by Fabian Brunnstrom.
7:08 of 2nd period - Stopped by Henrik Lundqvist without a rebound.
7:09 of 2nd period - Jordan Staal wins face-off versus Patrice Bergeron in Rangers zone.
8:10 of 2nd period - Marc-Édouard Vlasic is hit by Matt Read and loses puck.
8:29 of 2nd period - Marc-Édouard Vlasic is hit by Valtteri Filppula and loses puck.
8:44 of 2nd period - Slapshot by Stephen Weiss.
8:44 of 2nd period - Shot Misses the Net.
9:22 of 2nd period - Snap shot by Evgeny Grachev.
9:22 of 2nd period - Stopped by Henrik Lundqvist with a rebound.
9:24 of 2nd period - Snap shot by Evgeny Grachev.
9:24 of 2nd period - Shot Misses the Net.
10:00 of 2nd period - Snap shot by Alex Killorn.
10:00 of 2nd period - Stopped by Henrik Lundqvist without a rebound.
10:01 of 2nd period - Patrice Bergeron wins face-off versus Evgeny Grachev in Rangers zone.
10:01 of 2nd period - Patrice Bergeron is hit by Braydon Coburn.
10:11 of 2nd period - Wrist shot by James Neal.
10:11 of 2nd period - Shot Misses the Net.
10:15 of 2nd period - Wrist shot by Patrice Bergeron.
10:15 of 2nd period - Shot Blocked by Braydon Coburn.
10:51 of 2nd period - Backhand shot by Valtteri Filppula.
10:51 of 2nd period - Shot Misses the Net.
11:09 of 2nd period - Slapshot by Tobias Enstrom.
11:09 of 2nd period - Stopped by Henrik Lundqvist with a rebound.
12:35 of 2nd period - Matt Read is hit by Zac Dalpe and loses puck.
13:12 of 2nd period - Jordan Staal is hit by Jakob Silfverberg and loses puck.
13:43 of 2nd period - Snap shot by Valtteri Filppula.
13:43 of 2nd period - Shot Misses the Net.
14:01 of 2nd period - Snap shot by Evgeny Grachev.
14:01 of 2nd period - Deflect By Sean Couturier.
14:01 of 2nd period - Stopped by Henrik Lundqvist with a rebound.
14:03 of 2nd period - Wrist shot by Ryan Parent.
14:03 of 2nd period - Deflect By Alex Killorn.
14:03 of 2nd period - Shot Blocked by Patrik Nemeth.
14:03 of 2nd period - Puck is out of play.
14:04 of 2nd period - Patrice Bergeron wins face-off versus Jordan Staal in Rangers zone.
14:06 of 2nd period - Minor Penalty to Milan Lucic for High sticking.
14:07 of 2nd period - Jordan Staal wins face-off versus Sean Couturier in Rangers zone.
14:09 of 2nd period - Snap shot by Claude Giroux.
14:09 of 2nd period - Shot Misses the Net.
14:11 of 2nd period - Snap shot by Jordan Staal.
14:11 of 2nd period - Stopped by Henrik Lundqvist without a rebound.
14:12 of 2nd period - Sean Couturier wins face-off versus Jordan Staal in Rangers zone.
15:33 of 2nd period - Mark Fistric is hit by Fabian Brunnstrom and loses puck.
16:06 of 2nd period - Penalty to Milan Lucic is over, Milan Lucic is back on ice.
16:55 of 2nd period - Wrist shot by Nick Foligno.
16:55 of 2nd period - Shot Misses the Net.
17:20 of 2nd period - Icing by Taylor Chorney.
17:21 of 2nd period - Patrice Bergeron wins face-off versus Evgeny Grachev in Maple Leafs zone.
17:28 of 2nd period - Slapshot by Jakob Silfverberg.
17:28 of 2nd period - Shot Misses the Net.
18:56 of 2nd period - Blake Comeau is hit by James Neal and loses puck.
19:25 of 2nd period - Snap shot by Nathan Gerbe.
19:25 of 2nd period - Shot Misses the Net.
19:42 of 2nd period - Wrist shot by Darren Reid.
19:42 of 2nd period - Stopped by Marc-André Fleury with a rebound.
19:50 of 2nd period - Marc-Édouard Vlasic is hit by Valtteri Filppula and loses puck.
Goals for this period are 1 for Rangers vs 2 for Maple Leafs.
Shots for this period are 6 for Rangers vs 13 for Maple Leafs.
3rd period
0:01 of 3rd period - Milan Lucic wins face-off versus Artemi Panarin in neutral zone.
0:04 of 3rd period - Wrist shot by James Neal.
0:04 of 3rd period - Shot Misses the Net.
0:35 of 3rd period - Slapshot by Stephen Weiss.
0:35 of 3rd period - Stopped by Marc-André Fleury without a rebound.
0:36 of 3rd period - Stephen Weiss wins face-off versus Jordan Staal in Maple Leafs zone.
0:41 of 3rd period - Backhand shot by Jakob Silfverberg.
0:41 of 3rd period - Shot Misses the Net.
0:45 of 3rd period - Wrist shot by Jakob Silfverberg.
0:45 of 3rd period - Stopped by Marc-André Fleury without a rebound.
0:46 of 3rd period - Jordan Staal wins face-off versus Stephen Weiss in Maple Leafs zone.
1:27 of 3rd period - Minor Penalty to Tobias Enstrom for Hooking.
1:28 of 3rd period - Patrice Bergeron wins face-off versus Jordan Staal in Maple Leafs zone.
1:36 of 3rd period - Slapshot by Milan Lucic.
1:36 of 3rd period - Goal by Milan Lucic - Rangers : 3 - Maple Leafs : 5.
1:37 of 3rd period - Patrice Bergeron wins face-off versus Jordan Staal in neutral zone.
1:44 of 3rd period - Wrist shot by James Neal.
1:44 of 3rd period - Shot Blocked by Claude Giroux.
1:46 of 3rd period - Wrist shot by Patrice Bergeron.
1:46 of 3rd period - Shot Blocked by Jordan Staal.
1:51 of 3rd period - Minor Penalty to Jordan Staal for Tripping.
1:52 of 3rd period - Fabian Brunnstrom wins face-off versus Patrice Bergeron in Maple Leafs zone.
3:51 of 3rd period - Penalty to Jordan Staal is over, Jordan Staal is back on ice.
4:00 of 3rd period - Wrist shot by Nick Foligno.
4:00 of 3rd period - Deflect By Jordan Staal.
4:00 of 3rd period - Stopped by Marc-André Fleury without a rebound.
4:01 of 3rd period - Zac Dalpe wins face-off versus Valtteri Filppula in Maple Leafs zone.
4:01 of 3rd period - Zac Dalpe is hit by Nick Foligno.
4:09 of 3rd period - Slapshot by Darren Reid.
4:09 of 3rd period - Stopped by Marc-André Fleury without a rebound.
4:10 of 3rd period - Patrice Bergeron wins face-off versus Zac Dalpe in Maple Leafs zone.
4:56 of 3rd period - Off-side.
4:57 of 3rd period - Stephen Weiss wins face-off versus Fabian Brunnstrom in neutral zone.
5:00 of 3rd period - Slapshot by Stephen Weiss.
5:00 of 3rd period - Deflect By Mike Cammalleri.
5:00 of 3rd period - Stopped by Marc-André Fleury without a rebound.
5:01 of 3rd period - Jordan Staal wins face-off versus Patrice Bergeron in Maple Leafs zone.
5:46 of 3rd period - Snap shot by Darren Reid.
5:46 of 3rd period - Stopped by Marc-André Fleury with a rebound.
6:05 of 3rd period - Minor Penalty to Nathan Gerbe for Hooking.
6:06 of 3rd period - Sean Couturier wins face-off versus Jordan Staal in Rangers zone.
6:25 of 3rd period - Matt Greene is hit by Artemi Panarin and loses puck.
6:42 of 3rd period - Tobias Enstrom is hit by Matt Greene and loses puck.
7:43 of 3rd period - John Klingberg is hit by Mike Cammalleri and loses puck.
8:05 of 3rd period - Penalty to Nathan Gerbe is over, Nathan Gerbe is back on ice.
8:24 of 3rd period - Blake Comeau is hit by Staffan Kronwall and loses puck.
8:39 of 3rd period - Snap shot by Matt Read.
8:39 of 3rd period - Shot Misses the Net.
9:19 of 3rd period - Wrist shot by Jakob Silfverberg.
9:19 of 3rd period - Shot Blocked by Marc-Édouard Vlasic.
9:21 of 3rd period - Slapshot by Patrik Nemeth.
9:21 of 3rd period - Stopped by Marc-André Fleury without a rebound.
9:22 of 3rd period - Zac Dalpe wins face-off versus Stephen Weiss in Maple Leafs zone.
9:27 of 3rd period - Stephen Weiss is hit by Blake Comeau and loses puck.
9:42 of 3rd period - Wrist shot by Jakob Silfverberg.
9:42 of 3rd period - Stopped by Marc-André Fleury with a rebound.
10:00 of 3rd period - Snap shot by Sean Couturier.
10:00 of 3rd period - Shot Misses the Net.
10:33 of 3rd period - Wrist shot by Colby Armstrong.
10:33 of 3rd period - Deflect By Zac Dalpe.
10:33 of 3rd period - Stopped by Henrik Lundqvist with a rebound.
11:03 of 3rd period - Blake Comeau is hit by Patrice Bergeron and loses puck.
11:42 of 3rd period - Mark Fistric is hit by Artemi Panarin and loses puck.
12:32 of 3rd period - Evgeny Grachev is hit by Patrice Bergeron and loses puck.
12:47 of 3rd period - Staffan Kronwall is hit by Jordan Staal and loses puck.
13:30 of 3rd period - Zac Dalpe is hit by Darren Reid.
13:35 of 3rd period - Minor Penalty to Colby Armstrong for Hooking.
13:36 of 3rd period - Stephen Weiss wins face-off versus Jordan Staal in Maple Leafs zone.
13:39 of 3rd period - Snap shot by Stephen Weiss.
13:39 of 3rd period - Shot Blocked by Taylor Chorney.
13:51 of 3rd period - Backhand shot by Matt Read.
13:51 of 3rd period - Shot Misses the Net.
15:35 of 3rd period - Penalty to Colby Armstrong is over, Colby Armstrong is back on ice.
15:42 of 3rd period - Wrist shot by Alex Killorn.
15:42 of 3rd period - Stopped by Henrik Lundqvist with a rebound.
15:48 of 3rd period - Alex Killorn is hit by Valtteri Filppula and loses puck.
19:58 of 3rd period - Nick Foligno is hit by Blake Comeau and loses puck.
Goals for this period are 1 for Rangers vs 0 for Maple Leafs.
Shots for this period are 9 for Rangers vs 2 for Maple Leafs.
Back to the Top